 Dungeon Crawl Stone Soup version 0.30-a0-279-g4b46babb21 (webtiles) character file.

Game seed: 5368369698984945163

130 Lobster4 the Ruffian (level 4, 0/45 HPs)
             Began as a Troll Monk on Oct 16, 2022.
             Slain by an orc wizard
             ... wielding a +1 dagger of venom
              (4 damage)
             ... on level 3 of the Dungeon.
             The game lasted 00:05:46 (2215 turns).

Lobster4 the Ruffian (Troll Monk)                   Turns: 2215, Time: 00:05:47

Health: 0/45       AC:  5    Str: 21    XL:     4   Next: 90%
Magic:  3/3        EV: 10    Int:  6    God:
Gold:   225        SH:  0    Dex: 12    Spells: 3/3 levels left

rFire   . . .      SeeInvis .      - Unarmed
rCold   . . .      Faith    .    (no shield)
rNeg    . . .      Spirit   .    k - +0 robe
rPois   .          Reflect  .    (helmet restricted)
rElec   .          Harm     .    g - +0 cloak
rCorr   .          Rampage  .    (gloves unavailable)
Will    .....                    (boots unavailable)
Stlth   +.........               (no amulet)
HPRegen 1.07/turn                (no ring)
MPRegen 0.08/turn                (no ring)

@: confused, lethally poisoned (0 -> -11), ambrosia-drunk
A: large, unfitting armour, claws 3, regeneration 1, shaggy fur 1, tough skin 1
a: no special abilities


You were on level 3 of the Dungeon.
You visited 1 branch of the dungeon, and saw 3 of its levels.

You collected 225 gold pieces.

Inventory:

Hand Weapons
 a - a +0 club
 b - a +2 sling of freezing
Missiles
 d - 37 stones (quivered)
Armour
 g - a +0 cloak (worn)
 k - a +0 robe (worn)
Scrolls
 c - 2 scrolls of identify {unknown}
 e - a scroll of butterflies {unknown}
 l - a scroll of poison {unknown}
 m - 2 scrolls of immolation {unknown}
 o - a scroll of teleportation {unknown}
Potions
 f - a potion of berserk rage {unknown}
 h - a potion of ambrosia
 i - 2 potions of magic {unknown}
 j - a potion of invisibility {unknown}
 n - a potion of curing {unknown}


   Skills:
 + Level 3.1 Fighting
 + Level 1.0 Maces & Flails
 + Level 3.0 Dodging
 - Level 1.0 Stealth
 * Level 4.4 Unarmed Combat


You had 3 spell levels left.
You didn't know any spells.
Your spell library contained the following spells:

 Spells                   Type           Power      Damage    Failure   Level
 Freeze                   Ice            0%         1d3       45%         1
 Magic Dart               Conj           0%         1d3       45%         1
 Sting                    Tmut/Pois      0%         1d3       45%         1
 Call Imp                 Summ           0%         N/A       58%         2
 Ensorcelled Hibernation  Hex/Ice        0%         N/A       58%         2
 Passwall                 Tmut/Erth      0%         N/A       58%         2
 Poisonous Vapours        Pois/Air       0%         N/A       58%         2
 Searing Ray              Conj           0%         2d4       58%         2
 Frozen Ramparts          Ice            0%         1d1       83%         3
 Hailstorm                Conj/Ice       0%         3d3       83%         3
 Mephitic Cloud           Conj/Pois/Air  0%         N/A       83%         3
 Spider Form              Tmut/Pois      0%         N/A       83%         3
 Swiftness                Air            0%         N/A       83%         3
 Anguish                  Hex/Necr       0%         N/A       99%         4
 Fulminant Prism          Conj/Hex       0%         3d6       99%         4
 Olgreb's Toxic Radiance  Pois           0%         N/A       99%         4


Dungeon Overview and Level Annotations

Branches:
Dungeon (3/15)

Altars:
Hepliaklqana


Innate Abilities, Weirdness & Mutations

You are too large for most types of armour.
You have claws for hands.
Your natural rate of healing is unusually fast.
You are covered in fur. (AC +1)
You have tough skin. (AC +1)


Message History

You feel very sick. Something hits you.
You are more poisoned.
* * * LOW HITPOINT WARNING * * *
You feel very sick. Something hits you.
* * * LOW HITPOINT WARNING * * *
Things that are here:
a +0 short sword; a bat corpse; an orc corpse You miss something.
* * * LOW HITPOINT WARNING * * *
You feel very sick. Something hits you.
* * * LOW HITPOINT WARNING * * *
You are more confused.
You feel invigorated.
You feel very sick. Something hits you.
* * * LOW HITPOINT WARNING * * *
You are lethally poisoned!
* * * LOW HITPOINT WARNING * * *
You feel very sick. Something hits you.
* * * LOW HITPOINT WARNING * * *
You are more poisoned.
You closely miss something.
* * * LOW HITPOINT WARNING * * *
You feel very sick. Something hits you.
* * * LOW HITPOINT WARNING * * *
You are more poisoned.
* * * LOW HITPOINT WARNING * * *
You feel extremely sick. Something hits you.
* * * LOW HITPOINT WARNING * * *
Items here: )) [ †.
* * * LOW HITPOINT WARNING * * *
You feel very sick. Something hits you.
You die...

._..# .# #.### .#
...# .# ...# .#
....# ##.###
....###########
#....
#.............#
#..#
###..........###).#
#............@{.#
#...........##)##
#...........##.#
...........##.#
#...#....##.#
+........##.#
#........##.# ...#
#........##.# ...#
#....######.#


There were no monsters in sight!

Vanquished Creatures
  An orc wizard (D:3)
  A gnoll (D:1)
  2 adders (D:3)
  2 worms (D:2)
  2 dart slugs
  4 orcs (D:3)
  8 ball pythons
  3 bats
  8 endoplasms
  2 giant cockroaches
  2 goblins
  6 hobgoblins
  6 jackals
  4 quokkas
  5 frilled lizards
  3 kobolds
  A rat (D:1)
60 creatures vanquished.

Notes
Turn   | Place    | Note
-------+----------+-------------------------------------------
     0 | D:1      | Lobster4 the Troll Monk began the quest for the Orb.
     0 | D:1      | Reached XP level 1. HP: 22/22 MP: 0/0
   154 | D:1      | Reached XP level 2. HP: 29/29 MP: 1/1
   448 | D:1      | Reached XP level 3. HP: 36/36 MP: 2/2
   589 | D:1      | Found a faded altar of an unknown god.
  1145 | D:2      | You fall into a shaft and drop 1 floor!
  1175 | D:3      | Reached skill level 4 in Unarmed Combat
  1733 | D:2      | Reached XP level 4. HP: 44/44 MP: 3/3
  2054 | D:3      | Found a hazy altar of Hepliaklqana.
  2196 | D:3      | Reached skill level 1 in Maces & Flails
  2215 | D:3      | Slain by an orc wizard

Illustrated notes

Levels and vault maps discovered:
D:1:      dpeg_arrival_round_b, layout_basic, nicolae_ecumenical_snake_handling,
          minivault_26, chequers_serial_rivers_micro_d
D:2:      layout_basic
D:3:      layout_basic, lemuel_crystal_altar, small_statue_intersection

Skill      XL: |  1  2  3  4 |
---------------+-------------+-----
Unarmed Combat | 4 |  4.4
Fighting       | 3 |  3.1
Dodging        | 3 |  3.0
Maces & Flails | 1 |  1.0
Stealth        | |  1.0

Action                   |  1- 3 |  4- 6 || total
-------------------------+-------+-------++-------
Melee: Unarmed           |    83 |    50 ||   133
       Punch             |     3 |     1 ||     4
       Club              |    53 |       ||    53
  Use: Potion            |       |     1 ||     1
 Stab: Sleeping          |     3 |     3 ||     6
Armor: Robe              |    53 |    16 ||    69
Dodge: Dodged            |    74 |    27 ||   101

Table legend: (Time is in decaauts)
 A = Elapsed time spent in this place.
 B = Non-inter-level travel time spent in this place.
 C = Inter-level travel time spent in this place.
 D = Time resting spent in this place.
 E = Time spent auto-exploring this place.
 F = Levels seen in this place.
 G = Mean time per level.
                   A        B        C        D        E       F      G
               +--------+--------+--------+--------+--------+-----+--------+
         Total |   2219 |   2161 |     58 |      0 |   1756 |   3 |  739.7 |
       Dungeon |   2219 |   2161 |     58 |      0 |   1756 |   3 |  739.7 |
               +--------+--------+--------+--------+--------+-----+--------+

Top non-repeatable levels by time:
     D:1: 890 daAuts
     D:2: 878 daAuts
     D:3: 450 daAuts
